 Dungeon Crawl Stone Soup version 0.22-a0-571-g4a923d4 (webtiles) character file.

65 Hebeh the Covered (level 3, -2/33 HPs)
             Began as a Minotaur Fighter on July 1, 2018.
             Slain by Sigmund
             ... wielding a +0 scythe
              (4 damage)
             ... on level 2 of the Dungeon.
             The game lasted 00:03:09 (880 turns).

Hebeh the Covered (Minotaur Fighter)                 Turns: 880, Time: 00:03:10

Health: -2/33      AC:  7    Str: 21    XL:     3   Next: 92%
Magic:  2/2        EV:  7    Int:  5    God:
Gold:   61         SH:  9    Dex:  9    Spells: 2/2 levels left

rFire    . . .     SeeInvis .   a - +0 war axe
rCold    . . .     Gourm    .   c - +0 shield
rNeg     . . .     Faith    .   b - +0 scale mail
rPois    .         Spirit   .   (helmet restricted)
rElec    .         Reflect  .   (no cloak)
rCorr    .         Harm     .   (no gloves)
MR       .....                  (no boots)
Stlth    ..........             (no amulet)
HPRegen  0.11/turn              (no ring)
MPRegen  0.08/turn              (no ring)

@: no status effects
A: retaliatory headbutt, horns 2
a: no special abilities


You were on level 2 of the Dungeon.
You were not hungry.

You visited 1 branch of the dungeon, and saw 2 of its levels.

You collected 61 gold pieces.

Inventory:

Hand Weapons
 a - a +0 war axe (weapon)
Armour
 b - a +0 scale mail (worn)
 c - a +0 shield (worn)
Jewellery
 n - an uncursed amulet of the acrobat {unknown}
Scrolls
 e - a scroll of amnesia {unknown}
 h - 2 scrolls of identify {unknown}
 i - 2 scrolls of magic mapping {unknown}
 k - a scroll of enchant weapon {unknown}
 l - a scroll of enchant armour {unknown}
 m - a scroll of immolation {unknown}
Potions
 d - a potion of might
 j - a potion of degeneration {unknown}
 o - 2 potions of curing {unknown}
 p - a potion of mutation {unknown}
Comestibles
 f - 3 rations
 g - 17 chunks of flesh


   Skills:
 + Level 4.2 Fighting
 * Level 3.7 Axes
 + Level 4.2 Armour
 + Level 4.1 Shields


You had 2 spell levels left.
You didn't know any spells.
Your spell library was empty.

Dungeon Overview and Level Annotations

Branches:
Dungeon (2/15)

Altars:

Annotations:
D:2 1 runed door, Sigmund


Innate Abilities, Weirdness & Mutations

You reflexively headbutt those who attack you in melee.
You have a pair of horns on your head.


Message History

There is a strange disturbance nearby!
No target in view!
No target in view!
There is a strange disturbance nearby!
No target in view!
No target in view!
You hit something. You headbutt something! Something hits you!
Your shield prevents you from hitting something.
Something hits you.
You closely miss something. Something hits you!
* * * LOW HITPOINT WARNING * * *
You closely miss something. Something hits you.
* * * LOW HITPOINT WARNING * * *
Your shield and scale mail prevent you from hitting something.
You headbutt something!
You hear some strange, mumbled words.
Something tries to affect you, but you resist.
You miss something. Something hits you but does no damage.
You closely miss something. You headbutt something. Something hits you.
You die...

....# ########......####
##.#
....#####..).............#
#.#
....#....................#
#.##
....#....................#
#..#
....#..#.#)#######.......#
##.# ....# #.#'####
#.......# #.. (.#.#
#......############ ##.
..#.# +......'..# #. ..+.#
#......##@# #. ..###
#......##{# ## ..+
#....###### # ..## #....#
######## ...# #....#
'......) ...# ######
##.....# ..รท# ''.....#
##.# ##....( #.# #+#
.......


There were no monsters in sight!

Vanquished Creatures
  An adder (D:2)
  A worm (D:2)
  A dart slug (D:1)
  3 leopard geckos
  4 bats
  4 giant cockroaches
  6 goblins
  4 hobgoblins
  4 jackals (D:2)
  6 frilled lizards
  5 kobolds
  7 rats
46 creatures vanquished.

Notes
Turn   | Place    | Note
-------+----------+-------------------------------------------
     0 | D:1      | Hebeh the Minotaur Fighter began the quest for the Orb.
     0 | D:1      | Reached XP level 1. HP: 19/19 MP: 0/0
    93 | D:1      | Reached XP level 2. HP: 27/27 MP: 1/1
   532 | D:2      | Reached XP level 3. HP: 33/33 MP: 2/2
   542 | D:2      | Found a runed door.
   867 | D:2      | Noticed Sigmund
   877 | D:2      | HP: 1/33 [something (6)]
   880 | D:2      | Slain by Sigmund

Vault maps used:
D:1:      nagdon_arrival_double_spiral, minivault_25, minivault_23
D:2:      lemuel_doored_altar, grunt_decor_mini_mirrors,
          uniq_crazy_yiuf_cottage, uniq_sigmund

Skill      XL: |  1  2  3 |
---------------+----------+-----
Axes           | 3 |  3.7
Fighting       | 4 |  4.2
Armour         | 4 |  4.2
Shields        | 4 |  4.1

Action                   || total
-------------------------++-------
Melee: War axe           ||   117
       Headbutt          ||    17
Armor: Scale mail        ||    52
Dodge: Dodged            ||    37
Block: Shield            ||    66

Table legend:
 A = Spawn XP
 B = Non-spawn XP
 C = Spawn XP percentage of total XP
 D = Spawn monster count
 E = Non-spawn monster count
 F = Spawn count percentage of total count
 G = Total turns spent on level
                    A         B        C        D         E        F      G
               +---------+---------+-------+---------+---------+-------+---------
         Total |       0 |      93 |   0.0 |       0 |      46 |   0.0 |   880
               +---------+---------+-------+---------+---------+-------+---------
           D:1 |       0 |      36 |   0.0 |       0 |      21 |   0.0 |   513
           D:2 |       0 |      57 |   0.0 |       0 |      25 |   0.0 |   367
               +---------+---------+-------+---------+---------+-------+---------
